 Dungeon Crawl Stone Soup version 0.21.1-1-g345015f (webtiles) character file.

25 kae the Scratcher (level 2, -1/12 HPs)
             Began as a Felid Transmuter on June 3, 2018.
             Slain by a worm (10 damage)
             ... on level 2 of the Dungeon.
             The game lasted 00:00:43 (1081 turns).

kae the Scratcher (Felid Transmuter)                Turns: 1081, Time: 00:00:45

Health: -1/12      AC:  1    Str:  6    XL:     2   Next: 86%
Magic:  6/6        EV: 18    Int: 14    God:
Gold:   61         SH:  0    Dex: 16    Spells: 2/5 levels left
                                        Lives:  0   Deaths: 0

rFire    . . .     SeeInvis +     - Unarmed
rCold    . . .     Gourm    .   (shield unavailable)
rNeg     . . .     Faith    .   (armour unavailable)
rPois    .         Spirit   .   (helmet unavailable)
rElec    .         Reflect  .   (cloak unavailable)
rCorr    .         Harm     .   (gloves unavailable)
MR       .....                  (boots unavailable)
Stlth    ++........             (no amulet)
HPRegen  0.04/turn              i - ring of wizardry
MPRegen  0.10/turn              (no ring)

@: appendage (expiring), quick
A: very small, no armour, no weapons or thrown items, stealth, claws 1, fangs 3,
horns 2, see invisible, carnivore, speed 1, shaggy fur 1, slow metabolism 1,
sharp paws
a: End Transformation


You were on level 2 of the Dungeon.
You were not hungry.
You had grown temporary horns.
You visited 1 branch of the dungeon, and saw 2 of its levels.

You collected 61 gold pieces.

Inventory:

Missiles
 a - 12 arrows
Jewellery
 i - a ring of wizardry (left paw)
Scrolls
 f - a scroll of identify
 g - 2 scrolls of remove curse
Potions
 e - a potion of curing
Books
 b - a book of Changes

   Spells                             Type                      Level
   a - Beastly Appendage              Transmutation                1
   b - Sticks to Snakes               Transmutation                2
   c - Spider Form                    Transmutation/Poison         3
   d - Ice Form                       Ice/Transmutation            4
   e - Blade Hands                    Transmutation                5
Comestibles
 c - 2 rations


   Skills:
 + Level 1.2 Fighting
 + Level 2.9 Dodging
 + Level 1.1 Stealth
 * Level 3.4 Unarmed Combat
 + Level 2.1 Spellcasting
 * Level 2.6 Transmutations


You had 2 spell levels left.
You knew the following spells:

 Your Spells              Type           Power        Failure   Level  Hunger
a - Beastly Appendage     Tmut           #.....       3%          1    #......
b - Sticks to Snakes      Tmut           #.......     4%          2    ###....


Dungeon Overview and Level Annotations

Branches:
Dungeon (2/15)

Altars:


Innate Abilities, Weirdness & Mutations

You cannot wear armour.
You are incapable of wielding weapons or throwing items.
Your paws allow you to move quietly. (Stealth)
You have sharp claws.
You have razor-sharp teeth.
You have supernaturally acute eyesight. (SInv)
You are carnivorous and can eat meat at any time.
You cover ground quickly.
You are covered in fur. (AC +1)
You have a slow metabolism.
Your sharp claws are effective at attacking unaware monsters.
You have a pair of horns on your head.


Message History

The goblin barely misses you.
You scratch the goblin but do no damage.
The rat completely misses you. The goblin hits you with a club.
You scratch the goblin.
You kill the goblin!
The rat bites you but does no damage.
You scratch the rat.
The rat is heavily wounded.
Your transformation is almost over.
The rat completely misses you.
You scratch the rat.
You kill the rat!
The worm closely misses you.
You barely miss the worm. You barely miss the worm. You headbutt the worm.
You bite the worm, but do no damage.
The worm is lightly wounded.
The worm bites you!
Ouch! That really hurt!
You die...

#.........,***
######........#,* **
#.............#,***,
###............#*,**,,
#.............#**,,,,,
#...........<.#**,,,,*
#.............#*,,,***
#..?.....?....##..**
#....@...........#*
#...w......#######
#.....)....#********
#<...........r,,,,,*
#..........###****,***
#..........# *,,,*
#..........# ***,,
#..........# ***
**,,,,,,,,,*


You could see a worm.

Vanquished Creatures
  A leopard gecko (D:1)
  4 giant cockroaches (D:1)
  4 goblins
  3 hobgoblins (D:1)
  6 kobolds (D:1)
  2 bats (D:1)
  A rat (D:2)
21 creatures vanquished.

Notes
Turn   | Place    | Note
-------+----------+-------------------------------------------
     0 | D:1      | kae the Felid Transmuter began the quest for the Orb.
     0 | D:1      | Reached XP level 1. HP: 9/9 MP: 4/4
    83 | D:1      | Reached XP level 2. HP: 12/12 MP: 4/6
   183 | D:1      | Learned a level 2 spell: Sticks to Snakes
   696 | D:1      | Reached skill level 1 in Stealth
  1081 | D:2      | Slain by a worm

Skill      XL: |  1  2 |
---------------+-------+-----
Stealth        | 1 |  1.1
Fighting       | |  1.2
Dodging        | |  2.9
Unarmed Combat | |  3.4
Spellcasting   | |  2.1
Transmutations | |  2.6

Action                   || total
-------------------------++-------
Melee: Unarmed           ||    65
       Headbutt          ||     6
       Bite              ||     3
 Cast: Beastly Appendage ||     8
  Use: Scroll            ||     4
 Stab: Sleeping          ||     1
Armor: Skin              ||     4
Dodge: Dodged            ||    57
